Map: Lightshade LE

Players

Computer - Winner!

  • Race: Terran Terran
  • League: Diamond
  • Spawn Location: 5:00

Heeebster

  • Race: Protoss Protoss
  • League: Diamond
  • Spawn Location: 11:00

VOD

Have the link to the VOD?

Description

Time

  • Played on: Nov. 15, 2020, 2:14 p.m.
  • Length: 5:01
Show
View Real Time Build Order
Export as new Build Order

Computer Terran - Winner!

Build Orders:  

Get SALT Encoding   

  12  0:01  SCV  
  13  0:13  SCV  
  14  0:21  Supply Depot  
  14  0:25  SCV  
  15  0:42  SCV  
  16  0:44  Barracks  
  16  0:50  Supply Depot  
  16  0:56  Barracks  
  16  1:00  SCV  
  17  1:14  Barracks  
  17  1:29  Barracks  
  17  1:31  Marine  
  17  1:32  SCV  
  19  1:47  Marine  
  19  1:49  SCV, Marine  
  22  2:02  SCV  
  22  2:03  Marine  
  22  2:04  Supply Depot  
  22  2:05  Marine  
  25  2:10  Marine  
  25  2:14  SCV  
  27  2:19  Marine  
  27  2:20  Marine  
  29  2:24  Marine  
  29  2:26  SCV  
  29  2:28  Marine  
  32  2:32  Supply Depot  
  32  2:38  SCV  
  32  2:40  Marine x2  
  35  2:44  Marine  
  35  2:48  Marine  
  37  2:54  SCV  
  37  2:57  Marine  
  39  2:59  Marine  
  40  3:07  Marine  
  40  3:11  Marine  
  42  3:19  SCV  
  43  3:28  Marine  
  44  3:35  Marine  
  44  3:37  Marine  
  44  3:47  Marine  
  36  4:05  SCV, Marine  
  36  4:06  Marine  
  34  4:22  Marine x2  
  36  4:26  Marine x2  
  37  4:33  SCV  
  38  4:40  Marine  
Show
View Real Time Build Order
Export as new Build Order

Heeebster Protoss 

Build Orders:  

Get SALT Encoding   

  12  0:00  Probe  
  13  0:13  Pylon  
  13  0:18  Probe (Chrono Boost)  
  15  0:29  Probe (Chrono Boost)  
  15  0:36  Gateway  
  15  0:38  Probe  
  16  0:44  Assimilator  
  16  0:50  Probe  
  16  0:54  Assimilator  
  17  1:02  Probe  
  18  1:14  Probe  
  19  1:24  Cybernetics Core  
  19  1:26  Probe (Chrono Boost)  
  20  1:37  Probe (Chrono Boost)  
  21  1:57  Nexus  
  21  2:00  Stalker (Chrono Boost)  
  23  2:11  Pylon  
  23  2:20  Stargate  
  23  2:29  Probe  
  24  2:32  Stalker  
  26  2:41  Probe  
  27  2:49  Pylon  
  27  2:54  Probe  
  27  2:56  Twilight Council  
  28  3:05  Warp Gate  
  28  3:06  Probe  
  28  3:09  Probe  
  34  3:21  Probe (Chrono Boost)  
  34  3:23  Probe (Chrono Boost)  
  35  3:34  Probe (Chrono Boost)  
  38  3:48  Pylon  
  19  3:59  Probe  
  20  4:12  Probe, Oracle (Chrono Boost)  
  19  4:24  Probe  
  18  4:26  Pylon  
  17  4:38  Probe (Chrono Boost)  
  13  4:47  Probe (Chrono Boost)  
Tags
 
Matchup
PvT
Replay Pack
Replays
Spawn Locations
Cross Positions
Add a new tag
Caveats
  • Supply blocks, unpowered buildings, or Contaminate may cause inaccurate times.
  • Supply counts are checked every 10 seconds.